 Dungeon Crawl Stone Soup version 0.31-a0-889-g1a8549509d (webtiles) character file.

Game seed: 2485836189854183141

223869 jlumianski the Swashbuckler (level 19, -11/151 HPs)
             Began as a Gnoll Hunter on Oct 16, 2023.
             Was the Champion of Okawaru.
             Blown up by a sun moth (41 damage)
             ... with a bolt of energy
             ... on level 4 of the Spider Nest on Oct 17, 2023.
             The game lasted 07:27:56 (38923 turns).

jlumianski the Swashbuckler (Gnoll Hunter)         Turns: 38923, Time: 07:28:05

Health: -11/151    AC: 17    Str: 10 (11) XL:     19   Next: 28%
Magic:  16/45      EV: 28    Int:  7      God:    Okawaru [******]
Gold:   4305       SH:  5    Dex: 21      Spells: 5/44 levels left

rFire   . . .        F - +5 lajatang (elec)
rCold   + + +        (shield currently unavailable)
rNeg    + + .        r - +4 skin of Zhor {*Englaciate rC+++ SInv}
rPois   +            (no helmet)
rElec   +            e - +2 cloak {Will+}
rCorr   .            K - +2 pair of gloves
SInv    +            E - +1 pair of boots "Jylui" {Regen+}
Will    ++...        b - amulet of reflection
Stlth   +++          H - +5 ring of evasion
HPRegen 1.25/turn    C - ring "Hoiteps" {rElec rPois rN++ MP+9 Int-4}
MPRegen 0.29/turn

%: reflection
@: on fire, glowing, studying Short Blades
A: fangs 1, strong nose, distributed training
}: 1/15 runes: decaying
a: Renounce Religion, Heroism, Finesse, Duel


You were on level 4 of the Spider Nest.
You worshipped Okawaru.
Okawaru was exalted by your worship.
You visited 6 branches of the dungeon, and saw 31 of its levels.
You also visited: Gauntlet, Ice Cave and Volcano.

You collected 6203 gold pieces.
You spent 1898 gold pieces at shops.

Inventory:

Hand Weapons
 c - the +11 shortbow of Cheibriados's Fury {freeze, Str+5}
   (You found it on level 9 of the Dungeon)

   Str+5:     It affects your strength (+5).
 F - a +5 lajatang of electrocution (weapon)
 O - the +6 orcbow of Moderation {heavy, Will+++ Int-3 Stlth+}
   (You found it on level 3 of the Lair of Beasts)

   Int-3:     It affects your intelligence (-3).
   Will+++:   It greatly increases your willpower.
   Stlth+:    It makes you more stealthy.
Missiles
 o - 4 darts of dispersal
 L - 5 atropa-tipped darts
Armour
 e - a +2 cloak of willpower (worn)
 r - the +4 skin of Zhor (worn) {*Englaciate rC+++ SInv}
   (You found it on level 1 of the Lair of Beasts)

   *Englaciate: It radiates cold, occasionally slowing all nearby creatures who
   are not resistant to cold.
   rC+++:     It renders you almost immune to cold.
   SInv:      It lets you see invisible.
 v - the +5 chain mail of Reason {rF++ Str-3 Dex+2}
   (You found it in a Gauntlet)

   Str-3:     It affects your strength (-3).
   Dex+2:     It affects your dexterity (+2).
   rF++:      It greatly protects you from fire.
 E - the +1 pair of boots "Jylui" (worn) {Regen+}
   (Okawaru gifted it to you on level 2 of the Lair of Beasts)

   Regen+:    It increases your rate of health regeneration.
 K - a +2 pair of gloves (worn)
 X - a +0 helmet
Jewellery
 b - an amulet of reflection (around neck)
 g - a ring of ice
 j - the ring of the Establishment {Wiz Int+2}
   (You acquired it on level 2 of the Lair of Beasts)

   [ring of wizardry]

   Wiz:       It improves your spell success rate.
   Int+2:     It affects your intelligence (+2).
 k - a ring of protection from fire
 t - a ring of protection from fire
 C - the ring "Hoiteps" (right hand) {rElec rPois rN++ MP+9 Int-4}
   (You found it in a Gauntlet)

   [ring of poison resistance]

   Int-4:     It affects your intelligence (-4).
   rElec:     It insulates you from electricity.
   rPois:     It protects you from poison rN++: It greatly protects you from
   negative energy.
   MP+9:      It affects your magic capacity (+9).
 H - a +5 ring of evasion (left hand)
 M - a +6 ring of dexterity
 Y - a ring of flight
 Z - a ring of resist corrosion
Wands
 d - a wand of paralysis (15)
 l - a wand of flame (87)
 y - a wand of roots (18)
 Q - a wand of digging (5)
 T - a wand of mindburst (14)
 W - a wand of light (13)
Scrolls
 h - a scroll of fear
 i - 2 scrolls of amnesia
 n - 6 scrolls of poison
 q - 2 scrolls of revelation
 u - 3 scrolls of silence
 w - 6 scrolls of fog
 x - 7 scrolls of teleportation
 B - 7 scrolls of identify
 V - 2 scrolls of blinking
Potions
 a - 5 potions of haste
 f - a potion of magic
 p - 2 potions of heal wounds
 z - 9 potions of curing
 A - 4 potions of invisibility
 D - 5 potions of might
 I - a potion of resistance
 P - a potion of berserk rage
Miscellaneous
 m - a lightning rod (4/4)


   Skills:
 + Level 13.9 Fighting
 + Level 15.7 Short Blades
 + Level 13.2 Long Blades
 + Level 13.2 Axes
 + Level 13.2 Maces & Flails
 + Level 13.2 Polearms
 + Level 13.2 Staves
 + Level 15.4 Ranged Weapons
 + Level 13.2 Throwing
 + Level 13.2 Armour
 + Level 13.9 Dodging
 + Level 13.4 Stealth
 + Level 13.2 Shields
 + Level 13.2 Unarmed Combat
 + Level 13.2 Spellcasting
 + Level 11.2 Conjurations
 + Level 11.2 Hexes
 + Level 11.2 Summonings
 + Level 11.2 Necromancy
 + Level 11.2 Translocations
 + Level 11.2 Transmutations
 + Level 11.2 Fire Magic
 + Level 11.2 Ice Magic
 + Level 11.2 Air Magic
 + Level 11.2 Earth Magic
 + Level 11.2 Poison Magic
 + Level 14.3 Invocations
 + Level 13.2 Evocations
 + Level 12.1 Shapeshifting


You had 5 spell levels left.
You knew the following spells:

 Your Spells              Type           Power      Damage    Failure   Level
a - Blink                 Tloc           40%        N/A       1%          2
b - Ozocubu's Armour      Ice            20%        N/A       1%          3
c - Inner Flame           Hex/Fire       20%        N/A       1%          3
d - Arcjolt               Conj/Air       10%        1d20      3%          5
e - Dimensional Bullseye  Hex/Tloc       10%        N/A       1%          4
f - Flame Wave            Conj/Fire      20%        2d7       1%          4
g - Yara's Violent Unrav  Hex/Tmut       10%        3d6       3%          5
h - Freezing Cloud        Conj/Ice/Air   10%        6-21      3%          5
i - Lesser Beckoning      Tloc           40%        N/A       1%          2
j - Mephitic Cloud        Conj/Pois/Air  20%        N/A       1%          3
k - Ignite Poison         Fire/Tmut/Pois 20%        N/A       1%          3

Your spell library contained the following spells:

 Spells                   Type           Power      Damage    Failure   Level
 Apportation              Tloc           40%        N/A       1%          1
 Foxfire                  Conj/Fire      80%        2x1d8     1%          1
 Necrotise                Necr           80%        1d8       1%          1
 Shock                    Conj/Air       80%        1d8       1%          1
 Slow                     Hex            80%        N/A       1%          1
 Jinxbite                 Hex            40%        N/A       1%          2
 Poisonous Vapours        Pois/Air       40%        N/A       1%          2
 Sublimation of Blood     Necr           20%        N/A       1%          2
 Wereblood                Tmut           20%        N/A       1%          2
 Confusing Touch          Hex            20%        N/A       1%          3
 Gell's Gravitas          Tloc           20%        N/A       1%          3
 Sigil of Binding         Hex            20%        N/A       1%          3
 Swiftness                Air            20%        N/A       1%          3
 Teleport Other           Tloc           20%        N/A       1%          3
 Vampiric Draining        Necr           20%        2d7       1%          3
 Volatile Blastmotes      Fire/Tloc      40%        2d13      1%          3
 Airstrike                Air            10%        2d(2-18)  1%          4
 Fulminant Prism          Conj/Hex       10%        3d8       1%          4
 Iskenderun's Mystic Bla  Conj/Tloc      20%        2d6       1%          4
 Leda's Liquefaction      Hex/Erth       10%        N/A       1%          4
 Manifold Assault         Tloc           20%        N/A       1%          4
 Sticky Flame             Conj/Fire      20%        2d4       1%          4
 Vhi's Electric Charge    Tloc/Air       40%        N/A       1%          4
 Agony                    Necr           20%        N/A       3%          5
 Alistair's Intoxication  Tmut/Pois      13%        N/A       3%          5
 Metabolic Englaciation   Hex/Ice        10%        N/A       3%          5
 Silence                  Hex/Air        10%        N/A       3%          5
 Plasma Beam              Fire/Air       10%        2x1d21    19%         6
 Starburst                Conj/Fire      10%        6d5       19%         6
 Enfeeble                 Hex            10%        N/A       71%         7
 Ozocubu's Refrigeration  Ice            10%        4d9       71%         7
 Ignition                 Fire           10%        3d5       100%        8
 Maxwell's Capacitive Co  Air            10%        ∞         100%        8
 Summon Small Mammal      Summ           Unusable   N/A       N/A         1
 Call Canine Familiar     Summ           Unusable   N/A       N/A         3
 Summon Guardian Golem    Hex/Summ       Unusable   N/A       N/A         3
 Simulacrum               Ice/Necr       Unusable   N/A       N/A         6
 Summon Hydra             Summ           Unusable   N/A       N/A         7

Dungeon Overview and Level Annotations

Branches:
Dungeon (15/15)            Temple (1/1) D:7            Lair (5/5) D:10
  Swamp (4/4) Lair:2       Spider (4/4) Lair:2        Slime (0/5) Lair:5
    Orc (2/2) D:12            Elf (0/3) Orc:2        Vaults (0/5) D:14
 Depths (0/4) D:15          IceCv (visited)         Volcano (visited)
Gauntlet (visited)

Altars:
Ashenzari
Cheibriados
Dithmenos
Elyvilon
Fedhas
Gozag
Hepliaklqana
Kikubaaqudgha
Makhleb
Nemelex Xobeh
Okawaru
Qazlal
Ru
Sif Muna
Trog
Uskayaw
Vehumet
Wu Jian
Xom
Yredelemnul
Zin
The Shining One
Jiyva
Lugonu

Shops:
D:2 *   D:7 :((   D:10 =(*?   D:14 *   Orc:2 ([(=

Portals:
Abyss: Lair:5


Innate Abilities, Weirdness & Mutations

You have very sharp teeth.
Your uncanny sense of smell can sniff out nearby items.
Your experience applies equally to all skills.


Message History

You slice the broodmother!!
The broodmother is almost dead.
The broodmother is no longer moving slowly.
The sun moth bites you!!
The culicivora chitters at the broodmother.
The broodmother is healed somewhat.
The redback bites you.
The wolf spider misses you. x2; You block the broodmother's attack.
Press: ? - help, v - describe, . - travel
Here: a broodmother (sparse dust, almost dead)
The floor.
You slash the broodmother!
You bite the broodmother, but do no damage.
The broodmother is almost dead.
You block the culicivora's attack.
You hit the broodmother.
Lightning courses through the broodmother!!
You kill the broodmother!
Okawaru accepts your kill.
The redback disappears in a puff of smoke! x2
The jumping spider disappears in a puff of smoke!
The culicivora disappears in a puff of smoke!
The tarantella disappears in a puff of smoke!
The wolf spider is no longer moving slowly.
The sun moth bites you but does no damage.
You block the wolf spider's attack.
The wolf spider bites you but does no damage.
Aiming: Mindburst
Press: ? - help, Shift-Dir - straight line, f - sun moth
Aim: a sun moth (heavily wounded, slow, haloed, chance to affect: 71%)
The sun moth struggles to resist.
The sun moth bites you!!
* * * LOW HITPOINT WARNING * * *
You are covered in liquid flames.
You are covered in liquid flames!
You are covered in liquid flames!
* * * LOW HITPOINT WARNING * * *
The wolf spider hits you but does no damage.
The wolf spider bites you but does no damage.
The sun moth throws energy at you. The bolt of energy hits you!!!
You die...

## #### ### #.##..###^#
##..#..##..####
#^..s§ss.^..^.# ######
#..§sy.@..#..## #.#.##
#.^.###.#.....# ##...#.
#..§§#§.#.^#.#####......
##.s.#....#####.##.#....
#.s..#..^.#.##^.^.......
##...####....##....)..##.
#.ss#######......#..##.##
##.y#.^##.##..^###.##.#^.
##....##..###..####.###.


You could see a sun moth (slow), a wolf spider, an orb spider (slow), a
tarantella (slow) and a redback (slow).

Vanquished Creatures
  Nikola (Swamp:4)
  Jorgrun (Swamp:1)
  A sphinx (D:15)
  Donald (Swamp:3)
  3 thorn hunters
  The ghost of Dinouf the Fighter, an adept DsFE of Vehumet (Lair:3)
  A fenstrider witch (Swamp:3)
  The ghost of Bustrupp the Cruncher, a journeyman DsMo of Gozag (D:14)
  An emperor scorpion (Spider:1)
  Louise (Spider:1)
  An orc warlord (D:14)
  An ironbound preserver (D:14)
  2 ghost moths (Spider:4)
  The ghost of Fatraim the Brawler, a journeyman TrGl of Wu Jian (Lair:3)
  4 broodmothers
  4 eleionomae
  3 spark wasps
  The ghost of Droidtality99 the Tortoise, a journeyman MiFi of Okawaru (Orc:1)
  The ghost of Sesiytys the Covert, a journeyman HuWn of Dithmenos (Lair:3)
  A minotaur (Gauntlet)
  8 bunyips
  4 entropy weavers
  A great orb of eyes (D:15)
  A fire dragon (D:13)
  Josephine (Lair:2)
  2 shambling mangroves (Swamp:4)
  3 rakshasas
  2 ghost crabs
  2 ogre magi
  19 hydras
  8 centaur warriors
  Erica (D:11)
  A catoblepas (Lair:2)
  6 boulder beetles
  6 two-headed ogres
  4 radroaches
  A dancing weapon (Volcano)
  8 alligators
  3 thrashing horrors (Lair:5)
  A spriggan berserker (Swamp:2)
  12 demonic crawlers
  2 skysharks
  A deep elf knight (D:15)
  A bunyip zombie (Swamp:1)
  5 goliath frogs
  7 pharaoh ants
  Amaemon (D:9)
  4 skeletal warriors
  A spriggan druid (Swamp:3)
  2 orb spiders (Spider:3)
  8 bog bodies
  8 wizards
  10 swamp dragons
  A necromancer (Swamp:1)
  9 orc knights
  A lindwurm (Orc:2)
  7 deep elf pyromancers
  6 steelbarb worms
  20 wolf spiders
  A wolf spider zombie (D:14)
  An oklob plant (Lair:2)
  16 ugly things
  A mana viper (shapeshifter) (D:9)
  12 cyclopes
  2 orc sorcerers (Orc:2)
  3 moths of wrath
  Joseph (D:7)
  6 will-o-the-wisps
  3 manticores
  11 centaur zombies (D:14)
  13 elephants
  2 black mambas
  A black mamba (shapeshifter) (D:15)
  5 toenail golems (Volcano)
  3 smoke demons (Lair:5)
  7 torpor snails
  A guardian serpent (shapeshifter) (D:15)
  14 cane toads
  4 gargoyles
  A minotaur zombie (Gauntlet)
  An orange demon (D:9)
  9 rime drakes
  2 kobold demonologists
  An efreet (D:14)
  7 komodo dragons
  A yaktaur (shapeshifter) (D:14)
  A yaktaur (D:15)
  Jeremiah (D:7)
  Psyche (D:11)
  A freezing wraith (D:14)
  3 bloated husks
  6 trolls
  3 large abominations (Lair:5)
  7 tyrant leeches
  A meliai (Spider:4)
  A wolf spider simulacrum (D:14)
  3 polar bears
  8 hornets
  25 tarantellas
  A dream sheep (shapeshifter) (Lair:5)
  32 blink frogs
  2 raiju (Lair:5)
  7 dream sheep (Lair:2)
  An alligator simulacrum (Swamp:1)
  A raiju (shapeshifter) (D:13)
  30 jumping spiders
  11 slime creatures
  A centaur simulacrum (D:14)
  22 culicivoras
  5 spriggans
  A vampire (D:6)
  5 wraiths
  6 wyverns
  A basilisk (Lair:5)
  43 yaks
  2 chaos spawn (Lair:5)
  3 steam dragons
  69 redbacks
  15 vampire mosquitoes
  Edmund (D:6)
  A harpy simulacrum (IceCv)
  14 swamp worms
  8 wargs
  2 hydra simulacra (Swamp:1)
  15 water moccasins
  41 orc warriors
  4 swamp drakes
  2 black bears
  7 sky beasts
  A swamp dragon zombie (Swamp:1)
  2 ice beasts (D:5)
  An ice beast (shapeshifter) (D:15)
  7 ogres
  11 wolves
  4 boggarts
  12 centaurs
  2 phantoms
  4 kobold brigands
  18 bullfrogs
  Blork the orc (D:5)
  5 gnoll sergeants
  2 scorpions
  8 wights
  7 killer bees
  A swamp dragon simulacrum (Swamp:1)
  6 howler monkeys
  2 jellies
  4 hounds
  A gnoll bouda (D:9)
  8 orc priests
  Jessica (D:2)
  16 orc wizards
  Ijyb (D:4)
  A sleepcap (D:4)
  2 boggart zombies (D:14)
  4 iguanas
  13 small abominations
  18 gnolls
  11 adders
  A shadow imp (D:7)
  2 white imps (Gauntlet)
  3 worms
  5 dart slugs
  70 orcs
  7 ball pythons
  8 bats
  5 endoplasms
  4 giant cockroaches
  4 goblins
  11 hobgoblins
  2 jackals
  16 kobolds
  4 quokkas
  4 frilled lizards
  10 rats
1092 creatures vanquished.

Vanquished Creatures (collateral kills)
  A redback (Spider:2)
1 creature vanquished.

Vanquished Creatures (others)
  A bunyip (Swamp:4)
  A hydra (Swamp:4)
  A spriggan druid (Swamp:4)
  2 tarantellas
  A redback (Spider:3)
  A swamp worm (Swamp:4)
  A swamp drake (Swamp:4)
  A kobold (D:4)
  35 foxfires
  2 spectral weapons
46 creatures vanquished.

Grand Total: 1139 creatures vanquished

Notes
Turn   | Place    | Note
-------+----------+-------------------------------------------
     0 | D:1      | jlumianski the Gnoll Hunter began the quest for the Orb.
     0 | D:1      | Reached XP level 1. HP: 20/20 MP: 1/1
   137 | D:1      | Reached XP level 2. HP: 26/26 MP: 2/2
   444 | D:1      | Reached XP level 3. HP: 31/31 MP: 3/3
   955 | D:2      | Reached skill level 1 in Invocations
  1076 | D:2      | Reached skill level 1 in Short Blades
  1076 | D:2      | Reached skill level 1 in Long Blades
  1076 | D:2      | Reached skill level 1 in Axes
  1076 | D:2      | Reached skill level 1 in Maces & Flails
  1076 | D:2      | Reached skill level 1 in Polearms
  1076 | D:2      | Reached skill level 1 in Staves
  1076 | D:2      | Reached skill level 1 in Throwing
  1076 | D:2      | Reached skill level 1 in Armour
  1076 | D:2      | Reached skill level 1 in Shields
  1076 | D:2      | Reached skill level 1 in Unarmed Combat
  1076 | D:2      | Reached skill level 1 in Spellcasting
  1076 | D:2      | Reached skill level 1 in Evocations
  1095 | D:2      | Identified the staff "Riohifub" {rF+ Will++ Int+2 Fire}
  1181 | D:2      | Found Yfaocs's Assorted Antiques.
  1231 | D:2      | Reached XP level 4. HP: 38/38 MP: 5/5
  1243 | D:2      | Reached skill level 1 in Shapeshifting
  1273 | D:2      | Noticed Jessica
  1292 | D:2      | Killed Jessica
  1293 | D:2      | Reached skill level 1 in Conjurations
  1293 | D:2      | Reached skill level 1 in Hexes
  1293 | D:2      | Reached skill level 1 in Summonings
  1293 | D:2      | Reached skill level 1 in Necromancy
  1293 | D:2      | Reached skill level 1 in Translocations
  1293 | D:2      | Reached skill level 1 in Transmutations
  1293 | D:2      | Reached skill level 1 in Fire Magic
  1293 | D:2      | Reached skill level 1 in Ice Magic
  1293 | D:2      | Reached skill level 1 in Air Magic
  1293 | D:2      | Reached skill level 1 in Earth Magic
  1293 | D:2      | Reached skill level 1 in Poison Magic
  1777 | D:4      | Noticed Ijyb
  2026 | D:3      | Reached XP level 5. HP: 43/43 MP: 6/6
  2091 | D:3      | Noticed a phantom
  2110 | D:3      | Killed a phantom
  2218 | D:4      | Reached XP level 6. HP: 20/50 MP: 8/8
  2708 | D:3      | Reached skill level 5 in Fighting
  2708 | D:3      | Reached skill level 5 in Dodging
  3165 | D:5      | Entered Level 5 of the Dungeon
  3356 | D:5      | Noticed an ice beast
  3369 | D:5      | Killed an ice beast
  3370 | D:5      | Reached XP level 7. HP: 34/56 MP: 4/10
  3619 | D:5      | Found a large runed translucent door.
  3620 | D:5      | Found a large runed translucent door.
  3724 | D:6      | Noticed Blork the orc
  3756 | D:5      | Killed Blork the orc
  4169 | D:5      | Reached XP level 8. HP: 63/63 MP: 12/12
  4380 | D:6      | Noticed Edmund
  4398 | D:6      | Killed Edmund
  4836 | D:5      | Found a white marble altar of Elyvilon.
  4852 | D:5      | Found a hide-covered altar of Uskayaw.
  5303 | D:6      | Noticed a vampire
  5323 | D:6      | Killed a vampire
  5480 | D:6      | Reached XP level 9. HP: 67/69 MP: 12/14
  5741 | D:7      | Noticed Jeremiah
  5757 | D:7      | Killed Jeremiah
  5850 | D:7      | Noticed Joseph
  5865 | D:7      | Killed Joseph
  6047 | D:7      | Reached skill level 5 in Stealth
  6111 | D:7      | Reached skill level 5 in Invocations
  6284 | D:7      | Found Ramamibb's Book Shoppe.
  6284 | D:7      | Found Anicron's Antique Weapon Emporium.
  6286 | D:7      | Found Neshudu's Antique Weapon Shoppe.
  6290 | D:7      | Bought an Inescapable Atlas for 208 gold pieces
  6294 | D:7      | Bought a glowing arbalest for 150 gold pieces
  6297 | D:7      | Learned a level 2 spell: Blink
  6518 | D:7      | Got a resplendent book
  6523 | D:7      | Identified the +5 trident "Fatwuic" {venom, Fly}
  6669 | D:7      | Found a staircase to the Ecumenical Temple.
  6679 | Temple   | Entered the Ecumenical Temple
  6689 | Temple   | Became a worshipper of Warmaster Okawaru
  6812 | D:7      | Reached XP level 10. HP: 77/77 MP: 17/17
  6905 | D:7      | Reached skill level 5 in Short Blades
  6905 | D:7      | Reached skill level 5 in Long Blades
  6905 | D:7      | Reached skill level 5 in Axes
  6905 | D:7      | Reached skill level 5 in Maces & Flails
  6905 | D:7      | Reached skill level 5 in Polearms
  6905 | D:7      | Reached skill level 5 in Staves
  6905 | D:7      | Reached skill level 5 in Throwing
  6905 | D:7      | Reached skill level 5 in Armour
  6905 | D:7      | Reached skill level 5 in Shields
  6905 | D:7      | Reached skill level 5 in Unarmed Combat
  6905 | D:7      | Reached skill level 5 in Spellcasting
  6905 | D:7      | Reached skill level 5 in Evocations
  6924 | D:7      | Reached skill level 10 in Ranged Weapons
  6958 | D:7      | Found a snail-covered altar of Cheibriados.
  7489 | D:7      | Reached * piety under Okawaru
  7548 | D:4      | Killed Ijyb
  7670 | D:4      | You fall into a shaft and drop 2 floors!
  7894 | D:4      | Learned a level 3 spell: Ozocubu's Armour
  7898 | D:4      | Learned a level 3 spell: Inner Flame
  9271 | D:10     | Entered Level 10 of the Dungeon
  9312 | D:9      | Reached skill level 5 in Shapeshifting
  9409 | D:9      | Noticed a two-headed ogre
  9435 | D:9      | Reached ** piety under Okawaru
  9441 | D:9      | Noticed a two-headed ogre
  9874 | D:9      | Noticed an orange demon
 10351 | D:9      | Killed a two-headed ogre
 10351 | D:9      | Reached *** piety under Okawaru
 10352 | D:9      | Reached XP level 11. HP: 80/84 MP: 17/20
 10392 | D:9      | Reached skill level 5 in Conjurations
 10392 | D:9      | Reached skill level 5 in Hexes
 10392 | D:9      | Reached skill level 5 in Summonings
 10392 | D:9      | Reached skill level 5 in Necromancy
 10392 | D:9      | Reached skill level 5 in Translocations
 10392 | D:9      | Reached skill level 5 in Transmutations
 10392 | D:9      | Reached skill level 5 in Fire Magic
 10392 | D:9      | Reached skill level 5 in Ice Magic
 10392 | D:9      | Reached skill level 5 in Air Magic
 10392 | D:9      | Reached skill level 5 in Earth Magic
 10392 | D:9      | Reached skill level 5 in Poison Magic
 10527 | D:9      | Noticed a shining eye
 10529 | D:9      | a shining eye changed into a mana viper
 10529 | D:9      | Noticed a mana viper (shapeshifter)
 10530 | D:9      | Killed a two-headed ogre
 10534 | D:9      | Killed a mana viper
 10984 | D:9      | Identified the +11 shortbow of Cheibriados's Fury {freeze,
                  | Str+5}
 11084 | D:9      | Noticed Amaemon
 11095 | D:9      | Killed Amaemon
 11326 | D:10     | Found Vaxeub's Jewellery Shoppe.
 11372 | D:10     | Identified the +2 robe of Perfidy {Harm rPois}
 11477 | D:10     | Found Tugges's Magic Scroll Boutique.
 11485 | D:10     | Bought a scroll of identify for 28 gold pieces
 11485 | D:10     | Bought a scroll of identify for 28 gold pieces
 11485 | D:10     | Bought a scroll of blinking for 105 gold pieces
 11485 | D:10     | Bought a scroll of identify for 28 gold pieces
 11485 | D:10     | Bought a scroll of enchant armour for 105 gold pieces
 11681 | D:10     | Reached **** piety under Okawaru
 11917 | D:10     | Found Umagul's Antique Weapon Emporium.
 12307 | D:10     | Found Hicvu's General Store.
 12310 | D:10     | Bought a scroll of identify for 26 gold pieces
 12310 | D:10     | Bought a scroll of identify for 26 gold pieces
 12438 | D:10     | Found a staircase to the Lair.
 12511 | Lair:1   | Entered Level 1 of the Lair of Beasts
 12575 | Lair:1   | You fall into a shaft and drop 1 floor!
 12595 | Lair:2   | Noticed a catoblepas
 12597 | Lair:2   | Upgraded the game from 0.31-a0-881-ge136f0c47a to
                  | 0.31-a0-889-g1a8549509d
 12642 | Lair:2   | Reached ***** piety under Okawaru
 12644 | Lair:2   | Reached XP level 12. HP: 90/94 MP: 20/22
 12741 | Lair:2   | Identified 2 scrolls of acquirement
 12742 | Lair:2   | Acquired the ring of the Establishment {Wiz Int+2}
 12744 | Lair:2   | Acquired 1227 gold pieces
 12844 | Lair:1   | Received a gift from Okawaru
 13696 | Lair:1   | Found the +4 skin of Zhor {*Englaciate rC+++ SInv}
 13783 | Lair:1   | Identified the +0 falchion of Oclu Ryu {heavy, rElec Dex+2}
 14219 | Lair:1   | Learned a level 5 spell: Arcjolt
 14632 | Lair:2   | Found a hole to the Spider Nest.
 14711 | Lair:2   | Reached XP level 13. HP: 86/101 MP: 11/25
 14720 | Lair:2   | Received a gift from Okawaru
 15231 | Lair:2   | Found a staircase to the Swamp.
 15509 | Lair:2   | Received a gift from Okawaru
 15546 | Lair:2   | Reached ****** piety under Okawaru
 15723 | Lair:2   | Acquired the +1 pair of boots "Jylui" {Regen+}
 15723 | Lair:2   | Received a gift from Okawaru
 15761 | Lair:2   | Acquired a +3 lajatang of electrocution
 15761 | Lair:2   | Received a gift from Okawaru
 16112 | Lair:2   | Found a blossoming altar of Fedhas.
 16893 | Lair:3   | Reached skill level 10 in Fighting
 16893 | Lair:3   | Reached skill level 10 in Dodging
 16978 | Lair:5   | Entered Level 5 of the Lair of Beasts
 17140 | Lair:3   | Found a runed translucent gate.
 17141 | Lair:3   | Found a runed translucent gate.
 17142 | Lair:3   | Found a runed translucent gate.
 17143 | Lair:3   | Noticed Dinouf's ghost (adept DsFE)
 17143 | Lair:3   | Noticed Fatraim's ghost (journeyman TrGl)
 17144 | Lair:3   | Noticed Sesiytys's ghost (journeyman HuWn)
 17599 | Lair:3   | Killed Dinouf's ghost
 17617 | Lair:3   | Killed Fatraim's ghost
 17617 | Lair:3   | Received a gift from Okawaru
 17618 | Lair:3   | Reached XP level 14. HP: 63/110 MP: 2/27
 17624 | Lair:3   | Killed Sesiytys's ghost
 17658 | Lair:3   | Identified the +6 orcbow of Moderation {heavy, Will+++
                  | Int-3 Stlth+}
 18542 | Lair:5   | Reached skill level 10 in Invocations
 18555 | Lair:5   | Found a staircase to the Slime Pits.
 18556 | Lair:5   | Found a viscous altar of Jiyva.
 18800 | Lair:5   | Received a gift from Okawaru
 19334 | Lair:5   | Received a gift from Okawaru
 19525 | Lair:5   | Found a corrupted altar of Lugonu.
 19525 | Lair:5   | Found a one-way gate to the infinite horrors of the Abyss.
 19541 | Lair:5   | Identified the +2 robe of Honesty {-Cast Rampage rElec
                  | rPois}
 19918 | D:11     | Noticed Erica
 19932 | D:11     | Killed Erica
 20053 | D:11     | Noticed Psyche
 20059 | D:11     | Killed Psyche
 20258 | D:12     | Reached skill level 10 in Stealth
 20792 | D:11     | Identified the amulet of Leenuj {Faith Dex+3}
 20891 | D:12     | Identified the +1 morningstar of Deformation {venom,
                  | Fragile rPois rF++ rCorr}
 20991 | D:13     | Found a gate leading to a gauntlet.
 21002 | D:13     | Identified the "Xafuxueh" (You acquired it on level 13 of
                  | the Dungeon)
 21019 | Gauntlet | Entered a Gauntlet
 21019 | Gauntlet | Found a transporter.
 21019 | Gauntlet | Found a transporter.
 21019 | Gauntlet | Found a transporter.
 21023 | Gauntlet | Found a transporter.
 21023 | Gauntlet | Found a transporter.
 21024 | Gauntlet | Found a transporter.
 21040 | Gauntlet | Found a transporter.
 21054 | Gauntlet | Found a transporter.
 21082 | Gauntlet | Found a transporter.
 21181 | Gauntlet | Found a transporter.
 21186 | Gauntlet | Found a transporter.
 21196 | Gauntlet | Found a transporter.
 21249 | Gauntlet | Received a gift from Okawaru
 21349 | Gauntlet | Identified the +5 chain mail of Reason {rF++ Str-3 Dex+2}
 21478 | Gauntlet | Identified the ring "Hoiteps" {rElec rPois rN++ MP+9 Int-4}
 21553 | D:13     | Acquired the Vellum of Hexes
 21560 | D:13     | Learned a level 4 spell: Dimensional Bullseye
 21576 | D:13     | Reached XP level 15. HP: 114/117 MP: 22/28
 21613 | D:13     | Reached skill level 10 in Short Blades
 21901 | D:10     | Bought an amulet of reflection for 450 gold pieces
 22004 | D:12     | Found a staircase to the Orcish Mines.
 22005 | D:12     | Identified the +4 falchion of the Elven Halls {heavy,
                  | Fragile rPois Will+ Dex+6}
 22172 | D:12     | Learned a level 4 spell: Flame Wave
 22195 | D:12     | Reached skill level 10 in Long Blades
 22195 | D:12     | Reached skill level 10 in Axes
 22195 | D:12     | Reached skill level 10 in Maces & Flails
 22195 | D:12     | Reached skill level 10 in Polearms
 22195 | D:12     | Reached skill level 10 in Staves
 22195 | D:12     | Reached skill level 10 in Throwing
 22195 | D:12     | Reached skill level 10 in Armour
 22195 | D:12     | Reached skill level 10 in Shields
 22195 | D:12     | Reached skill level 10 in Unarmed Combat
 22195 | D:12     | Reached skill level 10 in Spellcasting
 22195 | D:12     | Reached skill level 10 in Evocations
 22630 | Orc:1    | Entered Level 1 of the Orcish Mines
 22960 | Orc:1    | Found a runed translucent door.
 22961 | Orc:1    | Noticed Droidtality99's ghost (journeyman MiFi)
 23008 | Orc:1    | Killed Droidtality99's ghost
 23049 | Orc:2    | Entered Level 2 of the Orcish Mines
 23086 | Orc:2    | Received a gift from Okawaru
 23116 | Orc:2    | Found a dark tunnel.
 23166 | Volcano  | Entered a volcano
 23717 | Orc:2    | Found a staircase to the Elven Halls.
 24007 | Orc:2    | Found a burning altar of Makhleb.
 24152 | Orc:2    | Received a gift from Okawaru
 24410 | Orc:2    | Found Koovva's Antique Armour Emporium.
 24410 | Orc:2    | Found Rugupnot's Weapon Boutique.
 24550 | Orc:2    | Found Woucrol's Jewellery Emporium.
 24550 | Orc:2    | Found Joseimp's Antique Weapon Boutique.
 25009 | Spider:1 | Entered Level 1 of the Spider Nest
 25012 | Spider:1 | Noticed Josephine
 25033 | Lair:2   | Killed Josephine
 25189 | Spider:1 | Received a gift from Okawaru
 25198 | Spider:1 | Noticed Louise
 25244 | Spider:1 | Killed Louise
 25952 | D:12     | Learned a level 5 spell: Yara's Violent Unravelling
 26098 | D:13     | Reached XP level 16. HP: 109/127 MP: 30/30
 26178 | D:14     | Found Ukedghes's Assorted Antiques.
 26178 | D:14     | Found a frozen archway.
 26181 | D:14     | Bought 3 scrolls of teleportation for 261 gold pieces
 26181 | D:14     | Bought a lead wand for 116 gold pieces
 26282 | IceCv    | Entered an ice cave
 26289 | IceCv    | Found a transporter.
 26521 | D:14     | Received a gift from Okawaru
 26772 | D:15     | Entered Level 15 of the Dungeon
 26891 | D:14     | Reached skill level 10 in Shapeshifting
 27504 | D:14     | Received a gift from Okawaru
 27765 | D:14     | Found a gate to the Vaults.
 28198 | D:14     | Bought a scroll labelled MEINKOSANI for 29 gold pieces
 28602 | D:15     | Received a gift from Okawaru
 29113 | D:15     | Noticed Bustrupp's ghost (journeyman DsMo)
 29114 | D:15     | Noticed a sphinx
 29121 | D:15     | Found a runed translucent gate.
 29121 | D:15     | Found a runed translucent gate.
 29123 | D:15     | Found a runed translucent gate.
 29187 | D:15     | Found a glowing golden altar of the Shining One.
 29350 | D:15     | Found a staircase to the Depths.
 29390 | D:15     | Received a gift from Okawaru
 29593 | D:14     | Killed Bustrupp's ghost
 29774 | D:15     | Reached XP level 17. HP: 131/134 MP: 32/32
 29792 | D:15     | Killed a sphinx
 30211 | D:7      | Bought a book of Vapours for 338 gold pieces
 30217 | D:7      | Learned a level 5 spell: Freezing Cloud
 30431 | Swamp:1  | Entered Level 1 of the Swamp
 30771 | Swamp:1  | Received a gift from Okawaru
 30950 | Swamp:1  | Noticed Jorgrun
 30960 | Swamp:1  | Killed Jorgrun
 31414 | Swamp:2  | Reached skill level 10 in Conjurations
 31414 | Swamp:2  | Reached skill level 10 in Hexes
 31414 | Swamp:2  | Reached skill level 10 in Summonings
 31414 | Swamp:2  | Reached skill level 10 in Necromancy
 31414 | Swamp:2  | Reached skill level 10 in Translocations
 31414 | Swamp:2  | Reached skill level 10 in Transmutations
 31414 | Swamp:2  | Reached skill level 10 in Fire Magic
 31414 | Swamp:2  | Reached skill level 10 in Ice Magic
 31414 | Swamp:2  | Reached skill level 10 in Air Magic
 31414 | Swamp:2  | Reached skill level 10 in Earth Magic
 31414 | Swamp:2  | Reached skill level 10 in Poison Magic
 31840 | Swamp:2  | Received a gift from Okawaru
 32804 | Swamp:4  | Entered Level 4 of the Swamp
 32919 | Swamp:4  | Noticed Nikola
 32921 | Swamp:4  | Noticed Donald
 32934 | Swamp:3  | Learned a level 2 spell: Lesser Beckoning
 33015 | Swamp:3  | Received a gift from Okawaru
 33493 | Swamp:4  | Paralysed by a hornet for 1 turns
 33708 | Swamp:3  | Killed Donald
 33845 | Swamp:4  | Reached XP level 18. HP: 143/143 MP: 34/34
 34049 | Swamp:4  | Received a gift from Okawaru
 34200 | Swamp:4  | Killed Nikola
 34616 | Swamp:4  | Got a decaying rune of Zot
 35140 | Spider:1 | Received a gift from Okawaru
 35151 | Spider:1 | Learned a level 3 spell: Mephitic Cloud
 35388 | Spider:1 | Learned a level 3 spell: Ignite Poison
 35450 | Spider:1 | Reached skill level 15 in Ranged Weapons
 35576 | Spider:1 | Identified the +8 sling "Kokopp" {elec, Contam rC+++ Will-
                  | Str+8}
 36177 | Spider:1 | Received a gift from Okawaru
 36263 | Spider:2 | Reached skill level 15 in Short Blades
 37314 | Spider:2 | Reached XP level 19. HP: 91/150 MP: 36/36
 37393 | Spider:2 | Received a gift from Okawaru
 37727 | Spider:4 | Entered Level 4 of the Spider Nest
 38923 | Spider:4 | Blown up by a sun moth

Illustrated notes

Levels and vault maps discovered:
D:1:      shiori_arrival_maze, layout_basic
D:2:      layout_loops_ring, serial_shops, nicolae_shop_just_a_little_nook,
          kennysheep_generic_room_15, uniq_jessica
D:3:      layout_basic, skrybe_limestone_x
D:4:      minmay_angry_zag, layout_basic, minivault_1, uniq_ijyb
D:5:      layout_loops_ring, jmf_multi_god_temple2, kennysheep_generic_room_8
D:6:      layout_basic, serial_corexii_hall, corexii_hall_statues_s,
          corexii_hall_statues_i, corexii_checkpoint_a, uniq_edmund,
          uniq_blork_the_orc
D:7:      layout_basic, cheibrodos_worm_habitat, temple_doors_e, st_stairs_6,
          nicolae_wooded_promenade, hangedman_misty_isle, uniq_jeremiah,
          uniq_joseph
D:8:      layout_basic
D:9:      minmay_the_grid_square_5x5_3x3 [minmay_the_grid_square_5x5_v,
          minmay_the_grid_square_5x5_bracketed,
          minmay_the_grid_square_5x5_detours,
          minmay_the_grid_square_5x5_inner_v,
          minmay_the_grid_square_5x5_megaprize_hollow,
          minmay_the_grid_square_5x5_inner_i, minmay_the_grid_square_5x5_meh,
          minmay_the_grid_square_5x5_dogpile,
          minmay_the_grid_square_5x5_bridge], layout_layer_cave,
          minmay_misc_feat_ornament, uniq_amaemon
D:10:     layout_roguey, erik_lair_dragon, serial_shops, shop,
          nicolae_stop_n_shop_1, nicolae_shop_real_fake_doors, shop
D:11:     layout_roguey, small_chamber_with_monster, kennysheep_just_a_vault,
          uniq_erica, uniq_psyche
D:12:     layout_irregular_city, david_orc_2
D:13:     minmay_clustersquares, layout_irregular_city, gauntlet_entry_generic,
          drop_trap
D:14:     hourglass_vault, layout_irregular_city,
          skrybe_vaults_entry_preservation, portal_ice_cave_entry_pillars_1,
          serial_undead, serial_undead_e, serial_undead_e, serial_undead_d,
          serial_undead_b, serial_undead_f, serial_undead_f,
          nicolae_stop_n_shop_2
D:15:     gammafunk_enter_depths_forms, layout_rooms, gammafunk_ghost_split,
          kennysheep_flooded_box, corexii_leaking_fountain,
          statue_in_the_mist_lemuel, nicolae_tso_carved_into_rock
Temple:   hellmonk_temple_of_storms
Lair:1:   layout_loops_ring, hellmonk_guarded_unrand_zhor, serial_bayou_shore_b,
          grunt_megastairs_2
Lair:2:   nzn_winding_woodlands_medium [nzn_winding_woodlands_5x5_default,
          nzn_winding_woodlands_5x15_concentric,
          nzn_winding_woodlands_5x5_perimeter, nzn_winding_woodlands_5x5_cross,
          nzn_winding_woodlands_center_garden,
          nzn_winding_woodlands_5x5_closed_star,
          nzn_winding_woodlands_5x5_checkerboard,
          nzn_winding_woodlands_5x15_split_checker,
          nzn_winding_woodlands_5x5_open_star], layout_long_grid,
          swamp_mist_pool, spider_nest_entry_rubble, tgw_fedhas
Lair:3:   layout_regular_city, gammafunk_ghost_cemetery,
          infiniplex_staircase_pool_2
Lair:4:   layout_concentric_octagons
Lair:5:   hellmonk_lair_end_abyssal_woods, layout_regular_city, slime_entry_1,
          chequers_serial_rivers_small_b
Swamp:1:  nicolae_swamp_ascending_descending_big, layout_basic_swamp,
          infiniplex_staircase_pool, nicolae_swamp_necromancer_hut, uniq_jorgrun
Swamp:2:  layout_basic_swamp, evilmike_swamp_ruin_house_1
Swamp:3:  layout_falls_marsh, evilmike_swamp_ruin_house_6
Swamp:4:  swamp_basic_johnstein, layout_basic_swamp, swamp_pool1,
          nicolae_swamp_spooky_pond, uniq_donald, uniq_nikola
Spider:1: nicolae_spider_hilbert_zone_5 [nicolae_spider_hilbert_3_sides_1_open,
          nicolae_spider_hilbert_4_sides_1_open,
          nicolae_spider_hilbert_4_sides_1_open,
          nicolae_spider_hilbert_6_sides_1_open,
          nicolae_spider_hilbert_6_sides_1_open], uniq_josephine, uniq_louise
Spider:2: layout_spider_delve, nicolae_spider_baby_got_redback
Spider:3: layout_spider_delve
Spider:4: grunt_spider_rune_parallel
Orc:1:    layout_caves, ebering_ghost_inner_flame
Orc:2:    st_orc_town, layout_caves, nicolae_volcano_entry_vermiform,
          hangedman_feature_mirror

Skill      XL: |  1  2  3  4  5  6  7  8  9 10 11 12 13 14 15 16 17 18 19 |
---------------+----------------------------------------------------------+-----
Invocations    | 1 2 3 4 5 6 7 8 9 10 11 12 13 14 | 14.3
Short Blades   | 1 2 3 4 6 8 9 11 12 14 15 | 15.7
Long Blades    | 1 2 3 4 6 8 9 10 11 12 13 | 13.2
Axes           | 1 2 3 4 6 8 9 10 11 12 13 | 13.2
Maces & Flails | 1 2 3 4 6 8 9 10 11 12 13 | 13.2
Polearms       | 1 2 3 4 6 8 9 10 11 12 13 | 13.2
Staves         | 1 2 3 4 6 8 9 10 11 12 13 | 13.2
Throwing       | 1 2 3 4 6 8 9 10 11 12 13 | 13.2
Armour         | 1 2 3 4 6 8 9 10 11 12 13 | 13.2
Shields        | 1 2 3 4 6 8 9 10 11 12 13 | 13.2
Unarmed Combat | 1 2 3 4 6 8 9 10 11 12 13 | 13.2
Spellcasting   | 1 2 3 4 6 8 9 10 11 12 13 | 13.2
Evocations     | 1 2 3 4 6 8 9 10 11 12 13 | 13.2
Shapeshifting  | 1 2 3 4 5 6 7 8 9 10 11 12 | 12.1
Conjurations   | 1 2 3 4 5 6 7 8 9 10 11 | 11.2
Hexes          | 1 2 3 4 5 6 7 8 9 10 11 | 11.2
Summonings     | 1 2 3 4 5 6 7 8 9 10 11 | 11.2
Necromancy     | 1 2 3 4 5 6 7 8 9 10 11 | 11.2
Translocations | 1 2 3 4 5 6 7 8 9 10 11 | 11.2
Transmutations | 1 2 3 4 5 6 7 8 9 10 11 | 11.2
Fire Magic     | 1 2 3 4 5 6 7 8 9 10 11 | 11.2
Ice Magic      | 1 2 3 4 5 6 7 8 9 10 11 | 11.2
Air Magic      | 1 2 3 4 5 6 7 8 9 10 11 | 11.2
Earth Magic    | 1 2 3 4 5 6 7 8 9 10 11 | 11.2
Poison Magic   | 1 2 3 4 5 6 7 8 9 10 11 | 11.2
Stealth        | 3 4 5 6 7 8 9 10 11 12 13 | 13.4
Fighting       | 5 6 7 8 9 10 11 12 13 | 13.9
Dodging        | 5 6 7 8 9 10 11 12 13 | 13.9
Ranged Weapons | 9 10 11 12 13 14 15 | 15.4

Action                     |  1- 3 |  4- 6 |  7- 9 | 10-12 | 13-15 | 16-18 | 19-21 || total
---------------------------+-------+-------+-------+-------+-------+-------+-------++-------
  Melee: Dire flail        |       |       |    26 |   212 |    37 |       |       ||   275
         Bite              |       |       |     8 |    41 |    28 |    41 |     3 ||   121
         Orcbow            |       |       |     2 |       |       |       |       ||     2
         Lajatang          |       |       |       |       |   185 |   178 |    38 ||   401
   Fire: Shortbow          |   118 |   184 |    80 |   251 |   531 |   443 |       ||  1607
         Orcbow            |       |       |   145 |       |   653 |  1176 |   221 ||  2195
         Sling             |       |       |    39 |       |       |       |       ||    39
         Arbalest          |       |       |    16 |   155 |       |       |       ||   171
   Cast: Ozocubu's Armour  |       |       |       |     7 |    24 |       |       ||    31
         Arcjolt           |       |       |       |     1 |    18 |     2 |       ||    21
         Blink             |       |       |       |       |     9 |    19 |       ||    28
         Dimensional Bulls |       |       |       |       |     2 |     5 |       ||     7
         Flame Wave        |       |       |       |       |     5 |    16 |       ||    21
         Yara's Violent Un |       |       |       |       |     2 |    14 |       ||    16
         Freezing Cloud    |       |       |       |       |       |     5 |       ||     5
         Mephitic Cloud    |       |       |       |       |       |     8 |       ||     8
         Ignite Poison     |       |       |       |       |       |     8 |       ||     8
 Invoke: Heroism           |       |       |       |     4 |     1 |     3 |       ||     8
         Finesse           |       |       |       |     1 |     4 |     8 |       ||    13
         Receive Weapon    |       |       |       |       |     1 |       |       ||     1
         Receive Armour    |       |       |       |       |     1 |       |       ||     1
  Evoke: Wand              |       |     3 |     8 |     3 |     4 |     2 |     1 ||    21
    Use: Potion            |     1 |       |     5 |     8 |     2 |     5 |       ||    21
         Scroll            |       |     4 |     7 |    13 |     7 |     8 |       ||    39
   Stab: Distracted        |       |       |       |     4 |     3 |       |       ||     7
         Sleeping          |       |       |       |       |     1 |     2 |       ||     3
 Armour: Ring mail         |    27 |    41 |   101 |       |       |       |       ||   169
         Leather armour    |       |       |    42 |   120 |       |       |       ||   162
         Shadow dragon sca |       |       |       |   279 |       |       |       ||   279
         Animal skin       |       |       |       |     2 |   365 |   825 |    98 ||  1290
         Chain mail        |       |       |       |       |    65 |       |       ||    65
  Dodge: Dodged            |    37 |    40 |   129 |   307 |   528 |  1385 |   236 ||  2662
  Block: Other             |       |       |       |       |    86 |   311 |    45 ||   442
         Reflection        |       |       |       |       |     7 |    13 |       ||    20

Table legend: (Time is in decaauts)
 A = Elapsed time spent in this place.
 B = Non-inter-level travel time spent in this place.
 C = Inter-level travel time spent in this place.
 D = Time resting spent in this place.
 E = Time spent auto-exploring this place.
 F = Levels seen in this place.
 G = Mean time per level.
                   A        B        C        D        E       F      G
               +--------+--------+--------+--------+--------+-----+--------+
         Total |  39264 |  36333 |   2931 |   5699 |  15711 |  34 | 1154.8 |
       Dungeon |  20035 |  17990 |   2045 |   2733 |   8710 |  15 | 1335.7 |
        Temple |     20 |     20 |      0 |      0 |      0 |   1 |   20.0 |
          Lair |   7659 |   7109 |    550 |   1126 |   3399 |   5 | 1531.8 |
         Swamp |   4358 |   4285 |     73 |   1041 |   1439 |   4 | 1089.5 |
   Spider Nest |   4374 |   4181 |    193 |    691 |   1128 |   4 | 1093.5 |
  Orcish Mines |   1820 |   1751 |     69 |      8 |    827 |   2 |  910.0 |
      Ice Cave |     14 |     14 |      0 |      0 |      0 |   1 |   14.0 |
       Volcano |    456 |    456 |      0 |      0 |    191 |   1 |  456.0 |
      Gauntlet |    524 |    524 |      0 |    100 |     15 |   1 |  524.0 |
               +--------+--------+--------+--------+--------+-----+--------+

Top non-repeatable levels by time:
  Lair:1: 2490 daAuts
  Lair:2: 2209 daAuts
    D:10: 2070 daAuts
     D:7: 1950 daAuts
    D:14: 1856 daAuts
     D:9: 1852 daAuts
Spider:1: 1805 daAuts
     D:5: 1607 daAuts
     D:8: 1452 daAuts
Spider:2: 1348 daAuts
    D:13: 1308 daAuts
 Swamp:3: 1306 daAuts
     D:3: 1271 daAuts
  Lair:5: 1270 daAuts
    D:11: 1244 daAuts
